 Dungeon Crawl Stone Soup version 0.28.0-43-g3370ac3207 (webtiles) character file.

Game seed: 17276611533871423089

9583 Descartes the Grappler (level 11, -9/98 HPs)
             Began as a Troll Chaos Knight on Mar 17, 2022.
             Was a Plaything of Xom.
             Mangled by a freezing wraith (21 damage)
             ... on level 10 of the Dungeon.
             The game lasted 00:18:36 (8185 turns).

Descartes the Grappler (Troll Chaos Knight)         Turns: 8185, Time: 00:18:38

Health: -9/98      AC: 12    Str: 21 (22) XL:     11   Next: 25%
Magic:  13/13      EV:  8    Int: 12      God:    Xom [...*..]
Gold:   796        SH:  0    Dex:  9      Spells: 14/14 levels left

rFire   + + .      SeeInvis .     - Unarmed
rCold   x . .      Faith    .   (no shield)
rNeg    . . .      Spirit   .   k - +0 fire dragon scales
rPois   .          Reflect  .   (helmet restricted)
rElec   .          Harm     .   (no cloak)
rCorr   +          Rampage  .   (gloves unavailable)
Will    .....                   (boots unavailable)
Stlth   ..........              s - amulet of the acrobat
HPRegen 1.86/turn               y - ring of resist corrosion
MPRegen 0.13/turn               c - ring of flight

@: mighty, flying, studying Shields, invisible
A: large, unfitting armour, claws 3, regeneration 2, shaggy fur 1, tough skin 1,
antennae 1, talons 2, deterioration 1, frail 1, screaming 1, wild magic 1,
MP-powered wands
a: Renounce Religion


You were on level 10 of the Dungeon.
You worshipped Xom.
You were a favourite toy of Xom.
You visited 2 branches of the dungeon, and saw 11 of its levels.

You collected 796 gold pieces.

Inventory:

Hand Weapons
 L - a +2 morningstar of flaming
Missiles
 j - 325 stones (quivered)
 v - 2 javelins
 x - 3 silver boomerangs
 B - 3 boomerangs
 C - 30 poisoned darts
 Q - a curare-tipped dart
 T - 6 large rocks
Armour
 a - a +2 robe
 k - +0 fire dragon scales (worn)
 M - a +0 troll leather armour
Jewellery
 c - a ring of flight (right claw)
 s - an amulet of the acrobat (around neck)
 y - a ring of resist corrosion (left claw)
 A - an amulet of magic regeneration
 N - a +6 ring of dexterity
 P - a ring of ice
Wands
 o - a wand of charming (11)
 H - a wand of flame (17)
 I - a wand of mindburst (13)
 O - a wand of digging (5)
 R - a wand of paralysis (4)
Scrolls
 d - 5 scrolls of amnesia {unknown}
 f - 3 scrolls of fog {unknown}
 g - a scroll of noise {unknown}
 h - 2 scrolls of torment {unknown}
 n - 4 scrolls of teleportation {unknown}
 p - 2 scrolls of enchant armour {unknown}
 q - 4 scrolls of vulnerability {unknown}
 r - 3 scrolls of holy word {unknown}
 w - 2 scrolls of blinking {unknown}
 z - 3 scrolls of immolation
 J - a scroll of magic mapping {unknown}
 K - a scroll of enchant weapon {unknown}
Potions
 b - 2 potions of mutation
 e - 5 potions of haste
 i - 2 potions of ambrosia
 l - a potion of brilliance
 m - 2 potions of berserk rage
 t - a potion of might
 u - 2 potions of degeneration
 D - 2 potions of cancellation
 E - 2 potions of flight
 F - a potion of curing
 G - 2 potions of attraction
Miscellaneous
 U - a phantom mirror


   Skills:
 + Level 7.3 Fighting
 + Level 6.4 Armour
 - Level 5.0 Dodging
 + Level 8.8 Unarmed Combat
 + Level 2.1 Spellcasting
 + Level 4.5 Translocations
 + Level 4.5 Evocations


You had 14 spell levels left.
You didn't know any spells.
Your spell library contained the following spells:

 Spells                   Type           Power      Damage    Failure   Level
 Pain                     Necr           4%         1d4       71%         1
 Ensorcelled Hibernation  Hex/Ice        2%         N/A       83%         2
 Ignite Poison            Fire/Tmut/Pois 1%         N/A       96%         3
 Mephitic Cloud           Conj/Pois/Air  1%         N/A       96%         3
 Spider Form              Tmut/Pois      1%         N/A       96%         3
 Airstrike                Air            0%         N/A       100%        4
 Anguish                  Hex/Necr       0%         N/A       100%        4
 Summon Lightning Spire   Summ/Air       1%         N/A       100%        4
 Agony                    Necr           1%         N/A       100%        5
 Excruciating Wounds      Necr           0%         N/A       100%        5
 Freezing Cloud           Conj/Ice/Air   0%         6-21      100%        5
 Lightning Bolt           Conj/Air       0%         1d11      100%        5


Dungeon Overview and Level Annotations

Branches:
Dungeon (10/15)            Temple (1/1) D:5
   Lair: D:8-11         Orc: D:9-12

Altars:
Ashenzari
Cheibriados
Dithmenos
Elyvilon
Fedhas
Gozag
Hepliaklqana
Kikubaaqudgha
Makhleb
Nemelex Xobeh
Okawaru
Qazlal
Ru
Sif Muna
Trog
Uskayaw
Vehumet
Wu Jian
Xom
Yredelemnul
Zin
The Shining One

Annotations:
D:10 3 transporters


Innate Abilities, Weirdness & Mutations

You are too large for most types of armour.
You have claws for hands.
You heal very quickly.
You are covered in fur. (AC +1)
You have tough skin. (AC +1)
You have a pair of small antennae on your head.
You have razor-sharp toenails.
Your body sometimes deteriorates upon taking damage.
You are frail. (-10% HP)
You occasionally shout uncontrollably at your foes.
Your spells are a little harder to cast, but a little more powerful.
You expend magic power (3 MP) to strengthen your wands.


Message History

You claw the centaur warrior!
You claw the centaur warrior, but do no damage.
The centaur warrior is moderately wounded.
The centaur warrior hits you.
The centaur warrior kicks you but does no damage.
The freezing wraith hits you. The freezing wraith freezes you!!
You feel a terrible chill!
Xom roars with laughter!
The freezing wraith hits you.
You claw the centaur warrior! You claw the centaur warrior.
The centaur warrior is heavily wounded.
The centaur warrior completely misses you.
The centaur warrior kicks you but does no damage.
You scratch the centaur warrior.
The centaur warrior is severely wounded.
The centaur warrior hits you but does no damage.
The centaur warrior kicks you but does no damage.
The freezing wraith hits you. The freezing wraith freezes you!!
You feel a terrible chill!
Xom roars with laughter!
* * * LOW HITPOINT WARNING * * *
The freezing wraith hits you.
* * * LOW HITPOINT WARNING * * *
The centaur warrior completely misses you.
The centaur warrior kicks you but does no damage.
It was a potion of invisibility.
You fade into invisibility!
The freezing wraith hits you but does no damage.
The freezing wraith completely misses you.
The centaur warrior barely misses you.
The centaur warrior kicks you but does no damage.
You feel very mighty all of a sudden. The centaur warrior hits you.
* * * LOW HITPOINT WARNING * * *
The centaur warrior kicks you but does no damage.
The freezing wraith hits you!
* * * LOW HITPOINT WARNING * * *
The freezing wraith freezes you!!
You feel a terrible chill!
You die...
Xom is highly amused!

..# #.#....###....###.....#.#.##
..# #....###....###.......# # ..#
#..###....###....#.#..# #
..#.#####....###....###.#..#. #
.##.###....### ...###......#.#+##
.........###. .###........#.....
.###...###|...###....##....#.....
.# ##....###...c###........#.....
.# ###....###.W@.###......#.....
## ####....###....###.#..#.....
#..###....###....#.#..#..... ###
#....###....###.......#....# ..#
#.#....###....###.....#....# ..#
#)###....###....###.#.#....# ..#
#...###....###)...#.#.#....# ..#
#.)...###.......).[...#....#
..########################.#....#


You could see a centaur warrior and a freezing wraith.

Vanquished Creatures
  2 centaur warriors (D:10)
  2 two-headed ogres
  A cyclops (D:10)
  An ugly thing (D:10)
  A manticore (D:10)
  The ghost of Sobaton the Shield-Bearer, a novice GnFi (D:7)
  Maggie (D:8)
  2 trolls
  Grinder (D:6)
  5 yaks (D:10)
  A wyvern (D:8)
  2 wraiths (D:10)
  Grum (D:8)
  A vampire mosquito (D:7)
  4 water moccasins
  3 orc warriors
  A hornet zombie (D:5)
  An ice beast (D:7)
  4 necrophages
  2 wolves
  3 ogres (D:5)
  4 centaurs
  3 kobold brigands
  3 bullfrogs
  A scorpion (D:5)
  2 wyvern zombies
  A water moccasin zombie (D:6)
  2 gnoll sergeants
  A water moccasin skeleton (D:4)
  3 howler monkeys (D:9)
  A centaur zombie (D:9)
  A hound (D:6)
  2 orc priests
  3 bullfrog skeletons
  A jelly (D:6)
  A centaur skeleton (D:7)
  4 orc wizards
  An iguana (D:5)
  2 hound skeletons
  2 howler monkey zombies
  9 gnolls
  2 adders (D:3)
  A shadow imp (D:8)
  2 white imps
  An ufetubus (D:4)
  2 worms (D:2)
  4 dart slugs
  23 orcs
  9 endoplasms
  A giant cockroach (D:3)
  2 hobgoblins
  5 quokkas
  3 ball pythons
  3 bats
  A frilled lizard (D:1)
  7 goblins
  24 kobolds
  9 rats
186 creatures vanquished.

Vanquished Creatures (others)
  An orc wizard (D:9)
  An orc (D:9)
2 creatures vanquished.

Grand Total: 188 creatures vanquished

Notes
Turn   | Place    | Note
-------+----------+-------------------------------------------
     0 | D:1      | Descartes the Troll Chaos Knight began the quest for the
                  | Orb.
     0 | D:1      | Reached XP level 1. HP: 22/22 MP: 0/0
    63 | D:1      | XOM: silly message
   283 | D:1      | XOM: 1-stop teleportation journey
   293 | D:1      | Reached XP level 2. HP: 29/29 MP: 1/1
   422 | D:1      | XOM: noise
   699 | D:1      | XOM is BORED!
   846 | D:2      | Reached XP level 3. HP: 33/36 MP: 2/2
   876 | D:2      | Found a faded altar of an unknown god.
  1218 | D:3      | XOM: divination: magic mapping
  1244 | D:3      | XOM: 3-stop teleportation journey
  1397 | D:3      | Reached XP level 4. HP: 40/45 MP: 3/3
  1481 | D:3      | XOM: potion effect (brilliance)
  1491 | D:3      | Reached skill level 1 in Armour
  1704 | D:3      | Found a stormy altar of Qazlal.
  1987 | D:3      | XOM: give mutations
  1987 | D:3      | Gained mutation: You have hidden genetic potential. [Xom's
                  | grace]
  1987 | D:3      | Gained mutation: You expend magic power (3 MP) to
                  | strengthen your wands. [Xom's grace]
  2026 | D:4      | Reached skill level 4 in Unarmed Combat
  2026 | D:4      | Reached XP level 5. HP: 53/53 MP: 4/4
  2109 | D:4      | Found an ancient bone altar of Kikubaaqudgha.
  2109 | D:4      | XOM: 7-stop teleportation journey
  2270 | D:4      | Found a white marble altar of Elyvilon.
  2418 | D:4      | Gained mutation: You have great hidden genetic potential.
                  | [hidden potential]
  2654 | D:5      | Entered Level 5 of the Dungeon
  2667 | D:5      | XOM: scenery: summon butterflies
  2699 | D:5      | XOM: potion effect (haste)
  2702 | D:5      | Reached XP level 6. HP: 54/61 MP: 5/5
  2754 | D:5      | XOM: noise
  2784 | D:5      | XOM: divination: magic mapping
  2793 | D:5      | Gained mutation: You have a pair of small antennae on your
                  | head. [hidden potential]
  2793 | D:5      | Lost mutation: You have great hidden genetic potential.
                  | [hidden potential expressed]
  2897 | D:5      | XOM: enchant monster (good)
  2937 | D:5      | XOM: enchant monster (good)
  2957 | D:5      | Found a sacrificial altar of Ru.
  2979 | D:5      | Reached XP level 7. HP: 63/70 MP: 6/6
  2983 | D:5      | XOM: swap monsters
  3006 | D:5      | Reached skill level 5 in Unarmed Combat
  3013 | D:5      | Gained mutation: You have sharp toenails. [hidden
                  | potential]
  3236 | D:5      | Found a staircase to the Ecumenical Temple.
  3240 | Temple   | Entered the Ecumenical Temple
  3373 | D:5      | XOM: cleaving
  3572 | D:5      | XOM: give mutations
  3572 | D:5      | Gained mutation: You have a pair of antennae on your head.
                  | [Xom's grace]
  3572 | D:5      | Gained mutation: Your spells are a little harder to cast,
                  | but a little more powerful. [Xom's grace]
  3572 | D:5      | Gained mutation: You have razor-sharp toenails. [Xom's
                  | grace]
  3572 | D:5      | Gained mutation: You have supernaturally acute eyesight.
                  | (SInv) [Xom's grace]
  3796 | D:6      | Identified the +6 chain mail "Nearhesh" {rF+ rCorr Int+2}
  3822 | D:6      | Noticed Grinder
  3841 | D:6      | XOM: enchant monster (bad)
  3842 | D:6      | Reached XP level 8. HP: 79/79 MP: 7/7
  3843 | D:6      | Killed Grinder
  3850 | D:6      | Gained mutation: You heal very quickly. [hidden potential]
  3850 | D:6      | Lost mutation: You have hidden genetic potential. [hidden
                  | potential expressed]
  3867 | D:6      | XOM: enchant monster (bad)
  3872 | D:6      | Found a shimmering blue altar of Sif Muna.
  3926 | D:6      | Reached skill level 5 in Fighting
  3926 | D:6      | Reached skill level 6 in Unarmed Combat
  3938 | D:6      | XOM: confusion
  4138 | D:6      | XOM: divination: magic mapping
  4288 | D:6      | XOM: give mutations
  4288 | D:6      | Lost mutation: You have a pair of antennae on your head.
                  | [Xom's mischief]
  4288 | D:6      | Gained mutation: You are frail. (-10% HP) [Xom's mischief]
  4288 | D:6      | Gained mutation: Your body sometimes deteriorates upon
                  | taking damage. [Xom's mischief]
  4320 | D:7      | Reached skill level 5 in Dodging
  4334 | D:7      | XOM: silly message
  4364 | D:7      | Found a runed translucent gate.
  4364 | D:7      | Found a runed translucent gate.
  4364 | D:7      | Found a runed translucent gate.
  4366 | D:7      | Found an opulent altar of Gozag.
  4368 | D:7      | Noticed Sobaton's ghost (novice GnFi)
  4376 | D:7      | XOM: polymorph steam dragon -> water moccasin
  4384 | D:7      | Reached skill level 1 in Translocations
  4384 | D:7      | Reached skill level 1 in Evocations
  4386 | D:7      | XOM: noise
  4392 | D:7      | Killed Sobaton's ghost
  4393 | D:7      | Reached XP level 9. HP: 50/79 MP: 8/8
  4393 | D:7      | XOM: noise
  4959 | D:7      | XOM: swap monsters
  5084 | D:7      | XOM: summons 1 hostile shadow creature
  5123 | D:8      | Noticed Grum
  5131 | D:8      | XOM: noise
  5134 | D:7      | XOM: confuse monster(s)
  5143 | D:7      | Reached skill level 7 in Unarmed Combat
  5183 | D:8      | Killed Grum
  5205 | D:8      | Reached skill level 5 in Armour
  5527 | D:8      | XOM: 1-stop teleportation journey
  5562 | D:8      | Noticed Maggie
  5576 | D:8      | Killed Maggie
  5601 | D:8      | Noticed a troll
  5607 | D:8      | Killed a troll
  5608 | D:8      | Reached XP level 10. HP: 88/88 MP: 9/9
  5640 | D:8      | XOM: god gift: 9 stones
  5652 | D:8      | Found a glowing silver altar of Zin.
  5679 | D:8      | Noticed a two-headed ogre
  5689 | D:8      | Killed a two-headed ogre
  5889 | D:9      | XOM: god gift: 18 stones
  6118 | D:9      | XOM: destruction
  6257 | D:9      | XOM: give mutation
  6257 | D:9      | Gained mutation: You occasionally shout uncontrollably at
                  | your foes. [Xom's mischief]
  6356 | D:9      | XOM: scenery: 2 doors open
  6693 | D:9      | XOM: god gift: 15 arrows
  6823 | D:9      | XOM: summons 6 hostile demons
  7055 | D:9      | Reached skill level 8 in Unarmed Combat
  7117 | D:9      | XOM: give mutation
  7117 | D:9      | Lost mutation: You have supernaturally acute eyesight.
                  | (SInv) [Xom's mischief]
  7168 | D:9      | XOM: stat loss: -1 Int (11/12)
  7446 | D:10     | Entered Level 10 of the Dungeon
  7476 | D:10     | Found a transporter.
  7494 | D:10     | Found a transporter.
  7577 | D:10     | Found a transporter.
  7583 | D:10     | Found a transporter.
  7590 | D:10     | Noticed a two-headed ogre
  7598 | D:10     | Killed a two-headed ogre
  7599 | D:10     | Reached skill level 1 in Spellcasting
  7646 | D:10     | XOM: summons friendly white imp
  7671 | D:10     | XOM: confusion
  7688 | D:10     | Found a transporter.
  7689 | D:10     | Found a transporter.
  7897 | D:10     | Noticed a purple ugly thing
  7898 | D:10     | Noticed a cyclops
  7902 | D:10     | XOM: enchant monster (good)
  7903 | D:10     | XOM: blink monster(s)
  7912 | D:10     | Killed a cyclops
  7925 | D:10     | Killed a purple ugly thing
  7926 | D:10     | Reached XP level 11. HP: 25/98 MP: 12/12
  8029 | D:10     | Noticed a centaur warrior
  8029 | D:10     | Noticed a centaur warrior
  8033 | D:10     | XOM: confuse monster(s)
  8035 | D:10     | Killed a centaur warrior
  8051 | D:10     | Killed a centaur warrior
  8176 | D:10     | Noticed a centaur warrior
  8185 | D:10     | Mangled by a freezing wraith

Illustrated notes

Levels and vault maps discovered:
D:1:      psy_arrival_basics, layout_basic
D:2:      layout_rooms, hellmonk_ecumenical_altar_crossroads,
          minmay_misc_feat_square, minmay_heptomino_d4
D:3:      layout_basic, amcnicky_altar_gilded
D:4:      layout_loops_ring, kiku_gazebo_garden_becter,
          mainiacjoe_overflow_alcove_1, supply_closet_lemuel
D:5:      layout_basic, nicolae_ru_sacrificial_ziggurat, temple_hall_moat
D:6:      layout_cave_pools, nicolae_sif_muna_condensation,
          minmay_strange_pillars, uniq_grinder
D:7:      layout_basic, ebering_ghost_gozag
D:8:      layout_basic, kennysheep_mini, grunt_decor_junction, uniq_maggie,
          uniq_grum
D:9:      layout_grid_maze
D:10:     minmay_tri_box, layout_basic, serial_nicolae_subway,
          nicolae_sub_station_metal, nicolae_sub_station_crystal,
          nicolae_sub_station_stone
Temple:   lightli_temple_of_artemis

Skill      XL: |  1  2  3  4  5  6  7  8  9 10 11 |
---------------+----------------------------------+-----
Dodging        | 2 3 4 5 |  5.0
Fighting       | 3 4 5 6 7 |  7.3
Armour         | 1 2 3 4 5 6 |  6.4
Unarmed Combat | 4 5 6 7 8 |  8.8
Translocations | 1 3 4 |  4.5
Evocations     | 1 3 4 |  4.5
Spellcasting   | 1 2 |  2.1

Action                   |  1- 3 |  4- 6 |  7- 9 | 10-12 || total
-------------------------+-------+-------+-------+-------++-------
Melee: Unarmed           |   112 |    98 |   241 |   219 ||   670
       Punch             |     3 |       |     6 |     9 ||    18
       Kick              |       |       |    60 |    65 ||   125
  Use: Scroll            |       |       |     8 |     4 ||    12
       Potion            |       |       |       |     2 ||     2
 Stab: Sleeping          |     2 |       |       |       ||     2
       Petrifying        |       |     1 |       |       ||     1
       Petrified         |       |     1 |       |       ||     1
       Confused          |       |       |     1 |     1 ||     2
Armor: Robe              |    40 |       |       |       ||    40
       Fire dragon scale |    25 |    46 |   117 |   143 ||   331
Dodge: Dodged            |    36 |    44 |   127 |   124 ||   331
